 Dungeon Crawl Stone Soup version 0.23.0 (webtiles) character file.

Game seed: 11564849720960043567

3889 Gadfly the Cleaver (level 10, -1/88 HPs)
             Began as a Hill Orc Monk on Feb 17, 2019.
             Was an Elder of Beogh.
             Slain by a spatial maelstrom (7 damage)
             ... on level 2 of the Abyss.
             The game lasted 00:16:36 (8851 turns).

Gadfly the Cleaver (Hill Orc Monk)                  Turns: 8851, Time: 00:16:36

Health: -1/88      AC: 12    Str: 18    XL:     10   Next: 19%
Magic:  16/16      EV:  8    Int: 10    God:    Beogh [****..]
Gold:   381        SH:  0    Dex: 13    Spells: 9/9 levels left

rFire    . . .     SeeInvis .   l - +0 war axe (elec)
rCold    . . .     Gourm    .   (no shield)
rNeg     . . .     Faith    .   r - +0 chain mail
rPois    .         Spirit   .   (no helmet)
rElec    .         Reflect  .   (no cloak)
rCorr    .         Harm     .   t - +0 pair of gloves
MR       .....                  (no boots)
Stlth    ..........             (no amulet)
HPRegen  0.24/turn              s - ring of attention (curse)
MPRegen  0.15/turn              (no ring)

@: lightly drained
A: no striking features
a: Smiting, Recall Orcish Followers, Renounce Religion


You were on level 2 of the Abyss.
You worshipped Beogh.
Beogh was greatly pleased with you.
You were hungry.

You visited 1 branch of the dungeon, and saw 8 of its levels.
You visited the Abyss 1 time.
You also visited: Sewer.

You collected 406 gold pieces.
You spent 25 gold pieces at shops.

Inventory:

Hand Weapons
 l - a +0 war axe of electrocution (weapon)
 p - a +4 spear of electrocution
 A - a +2 dagger of freezing
 D - a cursed +4 war axe
Missiles
 e - 17 tomahawks (quivered)
 f - 2 javelins
 o - a throwing net
Armour
 r - a +0 chain mail (worn)
 t - a +0 pair of gloves (worn)
Jewellery
 s - a cursed ring of attention (left hand)
Wands
 B - a wand of random effects (19)
 E - a wand of disintegration (2)
Scrolls
 a - 3 scrolls of magic mapping
 b - 2 scrolls of teleportation
 d - a scroll of blinking
 j - 2 scrolls of enchant weapon
 k - 3 scrolls of remove curse
 y - 2 scrolls of identify
 C - a scroll of amnesia {unknown}
Potions
 g - 9 potions of curing
 h - 2 potions of lignification {unknown}
 i - 5 potions of might
 m - a potion of ambrosia
 n - a potion of degeneration {unknown}
 q - a potion of haste
 u - 2 potions of brilliance {unknown}
 v - 4 potions of heal wounds
 w - 3 potions of flight {unknown}
 x - a potion of cancellation {unknown}
 z - a potion of invisibility {unknown}
Comestibles
 c - 9 rations


   Skills:
 + Level 8.1(7.9) Fighting
 * Level 11.7(11.5) Axes
 + Level 7.9(7.7) Armour
 - Level 2.4(2.2) Dodging
 - Level 1.5(1.4) Stealth
 * Level 8.5(8.3) Invocations


You had 9 spell levels left.
You didn't know any spells.
Your spell library was empty.

Dungeon Overview and Level Annotations

Branches:
Dungeon (8/15)             Temple (0/1) D:6
   Lair: D:8-11

Altars:
Dithmenos
Gozag
Hepliaklqana
Makhleb
Trog
Wu Jian
Xom
Zin

Shops:
D:4 *

Annotations:
D:8 Psyche


Message History

A spatial maelstrom materialises.
A spatial maelstrom is nearby!
A spatial vortex comes into view.
Okay, then.
A spatial vortex comes into view.
The spatial maelstrom hits you!
* * * LOW HITPOINT WARNING * * *
Space warps horribly around you!!
* * * LOW HITPOINT WARNING * * *
The spatial maelstrom hits you but does no damage.
Unknown command.
Okay, then.
You feel much better.
The spatial maelstrom barely misses you.
The spatial maelstrom hits you.
* * * LOW HITPOINT WARNING * * *
Space warps horribly around you!!
* * * LOW HITPOINT WARNING * * *
The spatial maelstrom hits you!
You die...

.#. ≈≈ ≈ #. .
#%# .#.#. . #
..# ###. # . #
..# .. #.. .##..
#.. #.####.### .
§ ..##....#. . #
#§###@# .
#.##.#.v# ##..##
# #..#v.#.#..#.#
.
#.#....###...#.#
. # #
...#.##...#.## .
...##...####...
..###.#v#.# . #
# ### ##§.## #..
. . .#.. . #


You could see a spatial maelstrom and 2 spatial vortices.

Vanquished Creatures
  A large abomination (Abyss:2)
  3 hippogriffs
  A shadow (D:8)
  An orc warrior (D:5)
  A hornet zombie (D:6)
  An ice beast (D:5)
  A necrophage (D:8)
  2 ogres (D:5)
  2 phantoms
  2 centaurs
  3 big kobolds
  3 bullfrogs
  A small abomination (Abyss:2)
  A wyvern skeleton (D:7)
  3 killer bees (D:8)
  7 wights (D:8)
  A howler monkey (D:4)
  2 crimson imps (D:5)
  2 quasits
  A jelly (D:8)
  2 centaur zombies
  4 hounds
  2 orc priests
  4 orc wizards
  A centaur skeleton (D:4)
  An iguana (D:5)
  6 worker ants
  A hound skeleton (D:8)
  3 gnolls (D:3)
  8 adders
  A river rat (D:5)
  A shadow imp (D:6)
  An ooze (D:3)
  2 adder zombies
  3 worms
  2 dart slugs (D:1)
  4 leopard geckos
  21 orcs
  5 ball pythons
  4 bats
  6 giant cockroaches
  9 hobgoblins
  10 jackals
  27 kobolds
  5 quokkas
  A ball python skeleton (D:4)
  8 frilled lizards
  7 goblins
  A leopard gecko skeleton (D:3)
  8 rats
  A fungus (Sewer)
198 creatures vanquished.

Vanquished Creatures (collateral kills)
  2 necrophages (D:8)
  5 wights (D:8)
  A hound (D:8)
  An orc wizard (D:8)
  A kobold (D:8)
  A leopard gecko zombie (D:8)
11 creatures vanquished.

Vanquished Creatures (others)
  An orc priest (D:8)
  2 orcs (D:8)
  A jackal skeleton (D:5)
4 creatures vanquished.

Grand Total: 213 creatures vanquished

Notes
Turn   | Place    | Note
-------+----------+-------------------------------------------
     0 | D:1      | Gadfly the Hill Orc Monk began the quest for the Orb.
     0 | D:1      | Reached XP level 1. HP: 19/19 MP: 1/1
   134 | D:1      | Reached XP level 2. HP: 24/27 MP: 2/2
   149 | D:1      | Reached skill level 1 in Armour
   467 | D:1      | Reached XP level 3. HP: 31/33 MP: 3/3
  1369 | D:2      | Reached skill level 5 in Axes
  1512 | D:2      | Reached XP level 4. HP: 36/40 MP: 4/4
  2168 | D:3      | Found a shimmering altar of Xom.
  2169 | D:3      | Found a shimmering altar of Xom.
  2207 | D:3      | Found a shimmering altar of Xom.
  2208 | D:3      | Found a shimmering altar of Xom.
  2208 | D:3      | Found a shimmering altar of Xom.
  2285 | D:3      | Reached XP level 5. HP: 30/47 MP: 5/5
  3143 | D:3      | Reached skill level 6 in Axes
  3619 | D:4      | Reached XP level 6. HP: 48/53 MP: 6/6
  3716 | D:4      | Found a hazy altar of Hepliaklqana.
  4211 | D:4      | Found Oxynann's Assorted Antiques.
  4218 | D:4      | Bought a scroll labeled IZXIEQ QEUGH for 25 gold pieces
  4304 | D:4      | Reached skill level 5 in Fighting
  4362 | D:5      | Entered Level 5 of the Dungeon
  4402 | D:5      | Reached skill level 7 in Axes
  4418 | D:5      | Reached XP level 7. HP: 37/61 MP: 7/7
  4525 | D:5      | Found a glowing drain.
  4563 | Sewer    | Entered a sewer
  4667 | Sewer    | Reached skill level 5 in Armour
  5086 | D:5      | Reached skill level 8 in Axes
  5094 | D:5      | Reached XP level 8. HP: 56/70 MP: 8/8
  5174 | D:5      | Found a shadowy altar of Dithmenos.
  5174 | D:5      | Found a burning altar of Makhleb.
  5174 | D:5      | Found an ornate altar of the Wu Jian Council.
  5299 | D:5      | Became a worshipper of Beogh the Brigand
  5299 | D:5      | Reached * piety under Beogh
  5299 | D:5      | Reached ** piety under Beogh
  5314 | D:5      | Reached skill level 1 in Invocations
  5707 | D:5      | Reached skill level 9 in Axes
  5915 | D:6      | Got a smoking leather armour
  5930 | D:6      | Identified the +3 leather armour of Space {+Blink rF+ MR++
                  | Slay-6} (You found it on level 6 of the Dungeon)
  6394 | D:6      | Noticed a hippogriff
  6406 | D:6      | Killed a hippogriff
  6629 | D:6      | Found a staircase to the Ecumenical Temple.
  6708 | D:6      | Found a glowing silver altar of Zin.
  6708 | D:6      | Found an opulent altar of Gozag.
  6713 | D:6      | Found a faded altar of an unknown god.
  6715 | D:6      | Found a shimmering altar of Xom.
  6717 | D:6      | Found a faded altar of an unknown god.
  6805 | D:7      | Reached XP level 9. HP: 73/78 MP: 12/12
  6822 | D:7      | Reached skill level 10 in Axes
  6822 | D:7      | Reached skill level 5 in Invocations
  6986 | D:7      | Reached *** piety under Beogh
  8294 | D:8      | Reached skill level 11 in Axes
  8339 | D:8      | Reached XP level 10. HP: 69/88 MP: 15/15
  8600 | D:8      | Found a bloodstained altar of Trog.
  8642 | D:8      | Reached **** piety under Beogh
  8691 | D:8      | Noticed Psyche
  8693 | D:8      | Cast into level 2 of the Abyss (Psyche)
  8845 | Abyss:2  | Noticed a spatial maelstrom
  8849 | Abyss:2  | HP: 1/88 [spatial maelstrom (19)]
  8851 | Abyss:2  | Slain by a spatial maelstrom

Skill      XL: |  1  2  3  4  5  6  7  8  9 10 |
---------------+-------------------------------+-----
Armour         | 1 2 3 4 5 6 7 |  7.9
Fighting       | 4 5 6 7 8 |  8.1
Axes           | 5 6 7 8 9 11 | 11.7
Invocations    | 4 7 8 |  8.5
Dodging        | |  2.4
Stealth        | |  1.5

Action                   |  1- 3 |  4- 6 |  7- 9 | 10-12 || total
-------------------------+-------+-------+-------+-------++-------
Melee: Hand axe          |   114 |    95 |       |       ||   209
       Spear             |       |    42 |    32 |       ||    74
       War axe           |       |    38 |   270 |    38 ||   346
Throw: Tomahawk          |     5 |       |       |       ||     5
Invok: Convert to Beogh  |       |       |     1 |       ||     1
       Recall Orcish Fol |       |       |       |     1 ||     1
  Use: Scroll            |     3 |     5 |     6 |       ||    14
       Potion            |       |       |       |     1 ||     1
 Stab: Sleeping          |     1 |       |       |       ||     1
       Distracted        |       |       |     2 |     1 ||     3
  Eat: Chunk             |     2 |     9 |    13 |     1 ||    25
Armor: Robe              |    17 |       |       |       ||    17
       Scale mail        |    11 |    46 |       |       ||    57
       Chain mail        |       |    28 |   181 |    16 ||   225
       Leather armour    |       |       |     3 |       ||     3
Dodge: Dodged            |    87 |    91 |   146 |    11 ||   335
